 Dungeon Crawl Stone Soup version 0.18.1-5-g4a78601 (webtiles) character file.

63 imganon the Chopper (level 3, -4/29 HPs)
             Began as a Demonspawn Berserker on May 13, 2016.
             Was a Believer of Trog.
             Slain by an orc
             ... wielding a +0 trident
              (7 damage)
             ... on level 3 of the Dungeon.
             The game lasted 00:02:55 (2377 turns).

imganon the Chopper (Demonspawn Berserker)          Turns: 2377, Time: 00:02:56

Health: -4/29      AC:  5    Str: 18    XL:     3   Next: 89%
Magic:  3/3        EV: 11    Int:  8    God:    Trog [**....]
Gold:   98         SH:  0    Dex: 12    Spells: 0 memorised, 2 levels left

rFire  . . .     SeeInvis .     a - +0 hand axe
rCold  . . .     Gourm    .     l - +0 ring mail
rNeg   . . .     Faith    .     (no shield)
rPois  .         Spirit   .     (helmet restricted)
rElec  .         Dismiss  +     (no cloak)
rCorr  .         Reflect  .     (no gloves)
SustAt .         Harm     .     (no boots)
MR     .....                    g - amulet of dismissal
Stlth  ..........               (no ring)
                                (no ring)

@: confused, not resistant to hostile enchantments, extremely unstealthy
A: antennae 1
a: Berserk, Trog's Hand, Burn Spellbooks, Renounce Religion


You were on level 3 of the Dungeon.
You worshipped Trog.
Trog was pleased with you.
You were near starving.

You visited 1 branch of the dungeon, and saw 3 of its levels.

You collected 98 gold pieces.

Inventory:

Hand Weapons
 a - a +0 hand axe (weapon)
Armour
 l - a +0 ring mail (worn)
Jewellery
 g - an amulet of dismissal (around neck)
 m - an uncursed ring of ice {unknown}
Scrolls
 b - 2 scrolls of enchant armour {unknown}
 e - a scroll of teleportation {unknown}
 f - 3 scrolls of remove curse {unknown}
 h - a scroll of enchant weapon {unknown}
 i - 2 scrolls of identify {unknown}
Potions
 d - 3 potions of heal wounds {unknown}
 j - a potion of curing {unknown}
 k - a potion of berserk rage {unknown}
Comestibles
 c - 2 bread rations


   Skills:
 - Level 3.0 Fighting
 + Level 4.4 Axes
 - Level 1.7 Armour
 - Level 1.7 Dodging


You had 2 spell levels left.
You didn't know any spells.

Dungeon Overview and Level Annotations

Branches:
Dungeon (3/15)

Altars:
Cheibriados
Gozag
The Shining One


Innate Abilities, Weirdness & Mutations

You have a pair of small antennae on your head.


Message History

You miss the orc wizard.
The orc wizard is lightly wounded.
The orc wizard closely misses you.
Unknown command.
Unknown command.
You hit the orc but do no damage.
The orc is heavily wounded.
You hit the orc wizard but do no damage.
The orc wizard is lightly wounded.
The orc wizard hits you but does no damage. x2
You hit the orc but do no damage.
The orc is heavily wounded.
You barely miss the orc wizard.
The orc wizard is lightly wounded.
The orc wizard casts a spell.
The orc wizard flickers and vanishes!
The orc wizard hits you but does no damage.
Unknown command.
You bump into the rock wall.
The orc hits you with a trident!
You die...

...+.............................
.#.#......#.####.#..#.#.#........
.#.+......#......#....#.#...#....
...#......#.#.#..#..#.#.#......_.
{#.#......#...#.............#....
...#......##..##.#o######.#.....#
o###......##..##.#o..............
o########<....##o#.#####..#######
.....# #####o##@#{#####.########
.....# #.##oo.....{.........
.....########.####.#####.########
.....'.o(.......................#
.....########.####.#####.######.#
.....# #.## #.# #.# #.#
.....########..# #.# #.######.#
...............###.# #.....##.#
###.............##.#####.....##.#


You could see an orc wizard and 2 orcs.

Vanquished Creatures
  2 adders
  A worm (D:2)
  3 dart slugs
  5 bats
  6 goblins
  5 hobgoblins
  2 jackals (D:3)
  4 kobolds
  2 ball pythons (D:1)
  4 giant newts
  4 rats (D:2)
38 creatures vanquished.

Notes
Turn   | Place    | Note
--------------------------------------------------------------
     0 | D:1      | imganon the Demonspawn Berserker began the quest for the Orb.
     0 | D:1      | Reached XP level 1. HP: 18/18 MP: 1/1
    66 | D:1      | Reached skill level 3 in Axes
   440 | D:1      | Gained mutation: You have a pair of small antennae on your head. [demonic ancestry]
   440 | D:1      | Reached XP level 2. HP: 23/24 MP: 2/2
   940 | D:2      | Found a glowing golden altar of the Shining One.
   976 | D:2      | Found an opulent altar of Gozag.
  1256 | D:2      | Reached XP level 3. HP: 27/29 MP: 3/3
  1307 | D:2      | Reached ** piety under Trog
  1569 | D:3      | Found a snail-covered altar of Cheibriados.
  1574 | D:3      | Found a faded altar to an unknown god.
  1586 | D:3      | Reached skill level 4 in Axes
  2377 | D:3      | Slain by an orc

Skill      XL: |  1  2  3 |
---------------+----------+-----
Axes           | 3 4 |  4.4
Fighting       | |  3.0
Armour         | |  1.7
Dodging        | |  1.7

Action                   || total
-------------------------++-------
Melee: Hand axe          ||   153
  Eat: Chunk             ||     3
Armor: Animal skin       ||     5
       Ring mail         ||    65
Dodge: Dodged            ||   116
